 Dungeon Crawl Stone Soup version 0.30-a0-149-g7f746667c4 (webtiles) character file.

Game seed: 12461313636861779475

352 greasedhog the Sneak (level 6, -1/38 HPs)
             Began as a Gargoyle Enchanter on Sept 26, 2022.
             Slain by a steam dragon (7 damage)
             ... on level 4 of the Dungeon.
             The game lasted 00:05:18 (5534 turns).

greasedhog the Sneak (Gargoyle Enchanter)           Turns: 5534, Time: 00:05:19

Health: -1/38      AC:  9    Str: 12    XL:     6   Next: 62%
Magic:  7/9        EV: 11    Int: 15    God:
Gold:   193        SH:  0    Dex: 12    Spells: 4/9 levels left

rFire   . . .      SeeInvis .    a - +2 dagger
rCold   . . .      Faith    .    (no shield)
rNeg    + . .      Spirit   .    e - +1 leather armour
rPois   ∞          Reflect  .    (no helmet)
rElec   +          Harm     .    g - +0 cloak
rCorr   .          Rampage  .    (no gloves)
Will    +....                    (no boots)
Stlth   +++.......               (no amulet)
HPRegen 0.12/turn                l - ring of willpower
MPRegen 0.11/turn                (no ring)

@: no status effects
A: sickness immunity, AC +4, negative energy resistance 1, electricity
resistance, torment resistance 1, petrification resistance
a: no special abilities


You were on level 4 of the Dungeon.
You visited 2 branches of the dungeon, and saw 5 of its levels.

You collected 193 gold pieces.

Inventory:

Hand Weapons
 a - a +2 dagger (weapon)
Armour
 e - a +1 leather armour (worn)
 g - a +0 cloak (worn)
Jewellery
 l - a ring of willpower (left hand)
Scrolls
 f - a scroll of identify
 h - a scroll of summoning
 o - a scroll of blinking
Potions
 b - 2 potions of heal wounds {unknown}
 c - 2 potions of invisibility
 d - a potion of degeneration {unknown}
 i - a potion of attraction {unknown}
 k - a potion of curing {unknown}
 p - a potion of ambrosia {unknown}


   Skills:
 * Level 3.8 Fighting
 * Level 3.4 Short Blades
 - Level 1.5 Dodging
 - Level 5.0 Stealth
 - Level 2.0 Spellcasting
 * Level 3.2 Hexes


You had 4 spell levels left.
You knew the following spells:

 Your Spells              Type           Power      Damage    Failure   Level
a - Ensorcelled Hibernat  Hex/Ice        12%        N/A       22%         2
b - Confusing Touch       Hex            11%        N/A       22%         3

Your spell library contained the following spells:

 Spells                   Type           Power      Damage    Failure   Level
 Tukima's Dance           Hex            11%        N/A       22%         3
 Poisonous Vapours        Pois/Air       2%         N/A       38%         2
 Dazzling Flash           Conj/Hex       12%        N/A       41%         3
 Hailstorm                Conj/Ice       1%         3d3       95%         4
 Arcjolt                  Conj/Air       0%         1d10      100%        5
 Freezing Cloud           Conj/Ice/Air   0%         6-21      100%        5
 Cigotuvi's Dreadful Rot  Necr/Pois/Air  Unusable   N/A       N/A         2

Dungeon Overview and Level Annotations

Branches:
Dungeon (4/15)             Temple (1/1) D:4

Altars:
Ashenzari
Cheibriados
Elyvilon
Fedhas
Gozag
Kikubaaqudgha
Nemelex Xobeh
Okawaru
Ru
Sif Muna
Trog
Uskayaw
Vehumet
Wu Jian
Xom
Yredelemnul
The Shining One


Innate Abilities, Weirdness & Mutations

You are immune to sickness and miasma.
Your stone body is resilient. (AC +4)
You are immune to poison.
You resist negative energy. (rN+)
You are resistant to electric shocks. (rElec)
You are resistant to unholy torment.
You are immune to petrification.


Message History

You closely miss the iguana. The iguana bites you.
You hit the iguana but do no damage.
The iguana resists with some effort.
The iguana bites you.
You miscast Ensorcelled Hibernation.
You are very lightly contaminated with residual magic.
Nothing appears to happen.
The iguana bites you.
The iguana resists with some effort.
The iguana barely misses you.
The iguana looks drowsy...
The helpless iguana fails to defend itself.
You impale the iguana!!
You kill the iguana!
You start resting.
Your magical contamination has completely faded away.
You start resting.
Magic restored.
You start resting.
HP restored.
You open the large door.
There is a large open door here.
The steam dragon hisses angrily.
A steam dragon is nearby!
A steam dragon is nearby!
The steam dragon breathes steam at you. The ball of steam hits you!
You can't see any susceptible monsters within range! (Use Z to cast anyway.)
The steam dragon breathes steam at you. The ball of steam hits you!
You are too injured to fight recklessly!
Casting: Ensorcelled Hibernation (safe; 22% risk of failure)
Confirm with . or Enter, or press ? or * to list all spells.
Aiming: Ensorcelled Hibernation (safe; 22% risk of failure)
Press: ? - help, Shift-Dir - straight line, f - steam dragon
Aim: a steam dragon (steam, catching its breath, chance to affect: 39%)
The steam dragon resists with some effort.
You are engulfed in a cloud of scalding steam.
* * * LOW HITPOINT WARNING * * *
You closely miss the steam dragon.
You are engulfed in a cloud of scalding steam.
The steam dragon bites you!
You die...

#######
###..D@§###########
#...§§§§§§.........
#...§~.####.#######
#§§§§~§# #....##
#.§§~§.## #.....#
#§§§~~P.####''####
§§.~...#≈≈≈..≈§≈#
.......#≈.†....≈#
#.###.#§.≈≈≈≈.≈#


You could see a steam dragon (catching breath).

Vanquished Creatures
  2 hounds (D:4)
  An iguana (D:4)
  2 orc wizards (D:4)
  2 scorpion zombies (D:4)
  A hound zombie (D:4)
  A hound skeleton (D:4)
  A howler monkey zombie (D:4)
  A gnoll (D:3)
  2 adders
  2 adder skeletons (D:4)
  A worm (D:4)
  A dart slug (D:3)
  14 orcs
  6 ball pythons
  4 bats
  14 endoplasms
  A giant cockroach (D:3)
  7 goblins
  3 hobgoblins
  4 frilled lizards
  6 kobolds
  7 rats
83 creatures vanquished.

Vanquished Creatures (collateral kills)
  A frilled lizard (D:3)
1 creature vanquished.

Vanquished Creatures (others)
  6 withered plants (D:4)
6 creatures vanquished.

Grand Total: 90 creatures vanquished

Notes
Turn   | Place    | Note
-------+----------+-------------------------------------------
     0 | D:1      | greasedhog the Gargoyle Enchanter began the quest for the
                  | Orb.
     0 | D:1      | Reached XP level 1. HP: 10/10 MP: 3/3
    34 | D:1      | Reached skill level 1 in Short Blades
    93 | D:1      | Reached XP level 2. HP: 16/16 MP: 5/5
   202 | D:1      | Reached skill level 1 in Fighting
   215 | D:1      | Got the Almanac of the Salvo
   993 | D:2      | Learned a level 2 spell: Ensorcelled Hibernation
  1010 | D:2      | Reached XP level 3. HP: 17/20 MP: 6/6
  1014 | D:2      | Learned a level 3 spell: Confusing Touch
  1286 | D:2      | Reached skill level 4 in Stealth
  1674 | D:2      | Found a faded altar of an unknown god.
  2175 | D:3      | Identified the +1 whip of Moral Flaws {vorpal, rN+ Int+2
                  | Dex+2}
  2415 | D:3      | Reached XP level 4. HP: 20/26 MP: 7/7
  3409 | D:4      | Noticed a black bear
  3495 | D:4      | Reached XP level 5. HP: 17/31 MP: 8/8
  4055 | D:4      | Reached skill level 5 in Stealth
  4236 | D:4      | Found a staircase to the Ecumenical Temple.
  4254 | D:4      | Reached XP level 6. HP: 31/37 MP: 9/9
  4695 | Temple   | Entered the Ecumenical Temple
  5425 | D:4      | Noticed a steam dragon
  5534 | D:4      | Slain by a steam dragon

Illustrated notes

Levels and vault maps discovered:
D:1:      elethiomel_arrival_quiet, layout_loops_ring
D:2:      layout_loops_cross, hellmonk_ecumenical_altar_pennies_from_heaven
D:3:      minmay_razor_zed, layout_rooms
D:4:      layout_loops_ring, minmay_temple_entry_slanted, serial_undead,
          serial_undead_e, serial_undead_e, serial_undead_c, serial_undead_f,
          serial_undead_f, serial_undead_b, serial_undead_f,
          kennysheep_generic_room_6
Temple:   bh_familiar_temple

Skill      XL: |  1  2  3  4  5  6 |
---------------+-------------------+-----
Short Blades   | 1 2 3 |  3.4
Fighting       | 1 2 3 |  3.8
Stealth        | 4 5 |  5.0
Hexes          | 3 |  3.2
Dodging        | |  1.5
Spellcasting   | |  2.0

Action                   |  1- 3 |  4- 6 || total
-------------------------+-------+-------++-------
Melee: Dagger            |   118 |   321 ||   439
       Punch             |     1 |     5 ||     6
 Cast: Ensorcelled Hiber |       |     4 ||     4
  Use: Scroll            |     7 |     1 ||     8
 Stab: Sleeping          |    16 |     2 ||    18
Armor: Robe              |     5 |       ||     5
       Leather armour    |    29 |    97 ||   126
Dodge: Dodged            |    45 |   176 ||   221

Table legend: (Time is in decaauts)
 A = Elapsed time spent in this place.
 B = Non-inter-level travel time spent in this place.
 C = Inter-level travel time spent in this place.
 D = Time resting spent in this place.
 E = Time spent auto-exploring this place.
 F = Levels seen in this place.
 G = Mean time per level.
                   A        B        C        D        E       F      G
               +--------+--------+--------+--------+--------+-----+--------+
         Total |   5483 |   5305 |    178 |   2124 |   2291 |   5 | 1096.6 |
       Dungeon |   5286 |   5129 |    157 |   2124 |   2119 |   4 | 1321.5 |
        Temple |    196 |    175 |     21 |      0 |    172 |   1 |  196.0 |
               +--------+--------+--------+--------+--------+-----+--------+

Top non-repeatable levels by time:
     D:4: 1635 daAuts
     D:3: 1625 daAuts
     D:2: 1039 daAuts
     D:1: 986 daAuts
  Temple: 196 daAuts
